 Dungeon Crawl Stone Soup version 0.30.1-4-g462c640d31 (webtiles) character file.

Game seed: 15608105629113501294

345 hawla the Firebug (level 7, 0/50 HPs)
             Began as a Meteoran Fire Elementalist on Aug 29, 2023.
             Slain by a wyvern (4 damage)
             ... on level 5 of the Dungeon.
             The game lasted 00:06:46 (1263 turns).

hawla the Firebug (Meteoran Fire Elementalist)      Turns: 1263, Time: 00:06:46

Health: 0/50       AC:  3    Str:  9      XL:     7   Next: 13%
Magic:  8/13       EV: 12    Int: 19      God:
Gold:   112        SH:  0    Dex: 13 (15) Spells: 6/13 levels left

rFire   + . .        i - +0 whip
rCold   x . .        (no shield)
rNeg    . . .        a - +1 robe
rPois   .            (no helmet)
rElec   .            (no cloak)
rCorr   .            (no gloves)
SInv    .            (no boots)
Will    .....        (no amulet)
Stlth   +            e - ring of fire
HPRegen 0.28/turn    (no ring)
MPRegen 0.13/turn

%: no passive effects
@: very slightly contaminated, glowing
A: sense surroundings 1, otherworldly, glowing, explore regen
a: no special abilities


You were on level 5 of the Dungeon.
You visited 2 branches of the dungeon, and saw 6 of its levels.

You collected 112 gold pieces.

Inventory:

Hand Weapons
 i - a +0 whip (weapon)
Armour
 a - a +1 robe (worn)
Jewellery
 e - a ring of fire (left hand)
Scrolls
 d - 2 scrolls of enchant armour
 l - a scroll of teleportation
Potions
 f - a potion of invisibility
 g - a potion of attraction {unknown}
 h - a potion of resistance {unknown}
 j - a potion of berserk rage {unknown}
 k - a potion of curing {unknown}


   Skills:
 + Level 0.1 Fighting
 + Level 3.0 Maces & Flails
 + Level 2.9 Dodging
 - Level 1.4 Stealth
 + Level 3.6 Spellcasting
 + Level 5.0 Conjurations
 + Level 5.4 Fire Magic


You had 6 spell levels left.
You knew the following spells:

 Your Spells              Type           Power      Damage    Failure   Level
a - Foxfire               Conj/Fire      100%       2x1d9     1%          1
b - Scorch                Fire           72%        2d8       2%          2
c - Flame Wave            Conj/Fire      35%        2d10      16%         4

Your spell library contained the following spells:

 Spells                   Type           Power      Damage    Failure   Level
 Summon Small Mammal      Summ           12%        N/A       14%         1
 Inner Flame              Hex/Fire       20%        N/A       14%         3
 Volatile Blastmotes      Fire/Tloc      40%        2d13      14%         3
 Call Canine Familiar     Summ           3%         N/A       41%         3
 Summon Guardian Golem    Hex/Summ       3%         N/A       41%         3


Dungeon Overview and Level Annotations

Branches:
Dungeon (5/15) Zot: 1728   Temple (1/1) D:5 Zot: 584

Altars:
Cheibriados
Elyvilon
Fedhas
Gozag
Hepliaklqana
Kikubaaqudgha
Nemelex Xobeh
Okawaru
Qazlal
Ru
Trog
Wu Jian
Yredelemnul
Zin
The Shining One


Innate Abilities, Weirdness & Mutations

You passively map a small area around you.
You are easily found by Zot.
You glow in the dark.
You regain HP and MP as you explore.


Message History

You feel a surge of power!
A wave of flame ripples out!
The flame wave engulfs the shadow imp!
The shadow imp is almost dead.
The flame wave engulfs the wyvern.
The wyvern is heavily wounded.
The flame wave engulfs the quasit.
The quasit resists.
The quasit is heavily wounded.
The flame wave engulfs the white imp.
The white imp is burned terribly!
The white imp is almost dead. (Press . to intensify the flame waves.)
The quasit bites you.
* * * LOW HITPOINT WARNING * * *
You feel clumsy.
The quasit claws you but does no damage. x2
The wyvern closely misses you. The shadow imp gestures at you.
You resist with significant effort. The white imp barely misses you.
The quasit bites you.
* * * LOW HITPOINT WARNING * * *
The quasit claws you.
* * * LOW HITPOINT WARNING * * *
The quasit claws you.
* * * LOW HITPOINT WARNING * * *
You feel clumsy.
A wave of flame ripples out!
The flame wave engulfs the shadow imp!
You kill the shadow imp!
The flame wave engulfs the wyvern!
The wyvern is severely wounded.
The flame wave engulfs the quasit.
The quasit resists.
The quasit is almost dead.
The flame wave engulfs the white imp!
The white imp is burned terribly!
You kill the white imp!
The flame wave engulfs the white imp!
The white imp is burned terribly!
The white imp is almost dead.
The wyvern misses you.
The quasit bites you but does no damage.
The quasit claws you.
* * * LOW HITPOINT WARNING * * *
The quasit closely misses you. The wyvern bites you.
You die...

#.....>...........#...#
#..##....#............
* #.#..#....#..........
#....#.#..#........###
##..#...##...........#
##................... ,
##.....###.#.....#
###..## #.......#.. *
#...#**###@l......
..........55.......
..###.#####.........
...*,... ..#.##.... ..,
,#. ,... .# .... , ....
.# ♣.♣ , * #..∩. .# .⌠
, ..... .# , * * * ,


You could see a wyvern, a quasit and a white imp.

Vanquished Creatures
  An ogre (D:4)
  2 quasits (D:5)
  A hound (D:5)
  A sleepcap (D:5)
  Terence (D:2)
  Robin (D:2)
  6 adders
  2 shadow imps (D:5)
  A white imp (D:5)
  3 orcs (D:3)
  4 endoplasms
  A giant cockroach (D:2)
  9 goblins
  3 hobgoblins
  4 jackals (D:4)
  2 kobolds (D:2)
  A ball python (D:2)
  4 bats
  A frilled lizard (D:2)
  A rat (D:3)
49 creatures vanquished.

Vanquished Creatures (others)
  83 foxfires
83 creatures vanquished.

Grand Total: 132 creatures vanquished

Notes
Turn   | Place    | Note
-------+----------+-------------------------------------------
     0 | D:1      | hawla the Meteoran Fire Elementalist began the quest for
                  | the Orb.
     0 | D:1      | Reached XP level 1. HP: 14/14 MP: 5/5
   105 | D:2      | Reached XP level 2. HP: 20/20 MP: 4/6
   121 | D:2      | Noticed Terence
   147 | D:3      | Learned a level 2 spell: Scorch
   164 | D:3      | Reached XP level 3. HP: 4/26 MP: 4/8
   226 | D:2      | Killed Terence
   227 | D:2      | Reached XP level 4. HP: 30/33 MP: 0/10
   450 | D:2      | Noticed Robin
   464 | D:2      | Killed Robin
   465 | D:2      | Reached skill level 5 in Fire Magic
   478 | D:2      | Reached XP level 5. HP: 24/38 MP: 0/11
   483 | D:2      | Learned a level 4 spell: Flame Wave
   667 | D:3      | Found a sacrificial altar of Ru.
   783 | D:4      | Found a white marble altar of Elyvilon.
   783 | D:4      | Found a glowing silver altar of Zin.
   783 | D:4      | Found a glowing golden altar of the Shining One.
   996 | D:4      | Noticed an ogre
  1001 | D:4      | Killed an ogre
  1002 | D:4      | Reached XP level 6. HP: 45/45 MP: 6/12
  1178 | D:5      | Entered Level 5 of the Dungeon
  1191 | D:5      | Reached skill level 1 in Maces & Flails
  1191 | D:5      | Reached skill level 5 in Conjurations
  1213 | D:5      | Found a staircase to the Ecumenical Temple.
  1225 | Temple   | Entered the Ecumenical Temple
  1253 | D:5      | Noticed a wyvern
  1259 | D:5      | Reached XP level 7. HP: 50/50 MP: 1/13
  1263 | D:5      | Slain by a wyvern

Illustrated notes

Levels and vault maps discovered:
D:1:      heliophobic_arrival_ceremonial_halls, layout_loops_ring,
          shapermc_ecumenical_altar_hornbeckon, hangedman_feature_mirror
D:2:      layout_basic, chequers_serial_rivers_micro_b, st_stairs_10,
          uniq_jessica, uniq_robin, uniq_terence
D:3:      layout_rooms, nicolae_ru_the_path_less_chosen, serial_bayou,
          serial_bayou_pond_e, serial_bayou_ford_a, serial_bayou_lake_a,
          serial_bayou_shore_b, serial_bayou_pond_d
D:4:      layout_cave_pools, dreamdust_divine_triumvirate, nicolae_titane
D:5:      layout_rooms, minmay_temple_entry_mini_moons, serial_demonic,
          serial_demonic_b, serial_demonic_d, serial_demonic_g,
          serial_demonic_e, serial_demonic_g, serial_demonic_e, serial_demonic_e
Temple:   minmay_freezing_vapour_temple

Skill      XL: |  1  2  3  4  5  6 |
---------------+-------------------+-----
Spellcasting   | 3 |  3.6
Fire Magic     | 4 5 |  5.4
Conjurations   | 2 4 5 |  5.0
Maces & Flails | 3 |  3.0
Fighting       | |  0.1
Dodging        | |  2.9
Stealth        | |  1.4

Action                     |  1- 3 |  4- 6 |  7- 9 || total
---------------------------+-------+-------+-------++-------
  Melee: Unarmed           |     3 |     5 |       ||     8
   Cast: Foxfire           |    18 |    39 |       ||    57
         Scorch            |     4 |    24 |       ||    28
         Flame Wave        |       |     1 |     1 ||     2
    Use: Scroll            |     2 |     5 |       ||     7
         Potion            |       |       |     2 ||     2
 Armour: Robe              |     5 |    10 |     6 ||    21
  Dodge: Dodged            |    18 |    15 |    11 ||    44
